 Dungeon Crawl Stone Soup version bcrawl-1.19.2-6-g6a88ae04c9 (webtiles) character file.

Game seed: 9473357095212160758

177 Mrkan the Skirmisher (level 5, -3/47 HPs)
             Began as a Minotaur Fighter on Jan 2, 2020.
             Slain by an iguana (8 damage)
             ... on level 3 of the Dungeon.
             The game lasted 00:02:07 (1459 turns).

Mrkan the Skirmisher (Minotaur Fighter)             Turns: 1459, Time: 00:02:08

Health: -3/47      AC: 11    Str: 20    XL:     5   Next: 31%
Magic:  4/4        EV:  7    Int:  5    God:
Gold:   206        SH:  9    Dex: 11    Spells: 4/4 levels left

rFire    . . .     SeeInvis .   a - +0 war axe
rCold    . . .     Gourm    .   c - +0 shield
rNeg     . . .     Faith    .   b - +0 scale mail
rPois    .         Spirit   .   s - +1 hat
rElec    .         Reflect  .   (no cloak)
rCorr    .         Harm     .   p - +2 pair of gloves
MR       .....                  (no boots)
Stlth    ..........             (no amulet)
HPRegen  0.15/turn              (no ring)
MPRegen  0.09/turn              (no ring)

@: no status effects
A: retaliatory headbutt, horns 2
a: no special abilities


You were on level 3 of the Dungeon.
You were not hungry.

You visited 1 branch of the dungeon, and saw 3 of its levels.

You collected 206 gold pieces.

Inventory:

Hand Weapons
 a - a +0 war axe (weapon)
 l - a +0 dagger
Armour
 b - a +0 scale mail (worn)
 c - a +0 shield (worn)
 p - a +2 pair of gloves (worn)
 s - a +1 hat (worn)
Jewellery
 h - a cursed +3 ring of dexterity {unknown}
Wands
 m - a wand of acid (5)
Scrolls
 e - a scroll of magic mapping {unknown}
 g - 3 scrolls of identify {unknown}
 k - a scroll of enchant weapon {unknown}
 o - a scroll of fear {unknown}
Potions
 d - 2 potions of might
 j - 2 potions of curing {unknown}
 n - 2 potions of agility {unknown}
 q - a potion of haste {unknown}
Comestibles
 f - 8 rations {!d}


   Skills:
 + Level 4.6 Fighting
 * Level 4.6 Axes
 + Level 4.6 Armour
 + Level 4.5 Shields


You had 4 spell levels left.
You didn't know any spells.
Your spell library was empty.

Dungeon Overview and Level Annotations

Branches:
Dungeon (3/12)

Altars:


Innate Abilities, Weirdness & Mutations

You reflexively headbutt those who attack you in melee.
You have a pair of horns on your head.


Message History

You hit the orc priest.
You kill the orc priest!
The iguana closely misses you. You furiously retaliate!
You headbutt the iguana. You block the orc's attack. The iguana bites you.
* * * LOW HITPOINT WARNING * * *
The orc barely misses you. You block the orc's attack.
Things that are here:
a +0 club; a +0 leather armour; an orc corpse You closely miss the iguana.
You headbutt the iguana!
The iguana is severely wounded.
You hit the orc but do no damage. You slash the orc!
You kill the orc!
The orc hits you but does no damage. You block the iguana's attack.
The adder bites you but does no damage.
Your shield prevents you from hitting the iguana.
The iguana is severely wounded.
You slash the adder! You hit the orc but do no damage.
The adder bites you but does no damage. You block the orc's attack.
The iguana bites you!
You die...

### ## .. .# .# #.#####
##.# ###....... #..#
#.@o......
#####.#########.lS......
........................
#############...........
#.# #$#......... # ##.#
....#.........
###..####..####.........
.....#....# #..####...
###....##### .... ...


You could see an iguana, an adder and an orc.

Vanquished Creatures
  A scorpion (D:2)
  2 orc priests (D:3)
  An adder (D:3)
  3 worms
  A dart slug (D:2)
  A leopard gecko (D:1)
  2 orcs (D:3)
  3 ball pythons
  4 bats
  7 giant cockroaches
  3 goblins
  4 hobgoblins
  8 kobolds
  5 frilled lizards
  4 rats
49 creatures vanquished.

Notes
Turn   | Place    | Note
-------+----------+-------------------------------------------
     0 | D:1      | Mrkan the Minotaur Fighter began the quest for the Orb.
     0 | D:1      | Reached XP level 1. HP: 19/19 MP: 0/0
    93 | D:1      | Reached XP level 2. HP: 27/27 MP: 1/1
   707 | D:2      | Reached XP level 3. HP: 16/33 MP: 2/2
  1010 | D:2      | Noticed a scorpion
  1017 | D:2      | Killed a scorpion
  1017 | D:2      | Reached XP level 4. HP: 39/40 MP: 3/3
  1456 | D:3      | Reached XP level 5. HP: 9/47 MP: 4/4
  1459 | D:3      | Slain by an iguana

Skill      XL: |  1  2  3  4 |
---------------+-------------+-----
Axes           | 3 4 |  4.6
Armour         | 4 |  4.6
Shields        | 4 |  4.5
Fighting       | 4 |  4.6

Action                   |  1- 3 |  4- 6 || total
-------------------------+-------+-------++-------
Melee: War axe           |    58 |    34 ||    92
       Headbutt          |     9 |    12 ||    21
  Eat: Chunk             |       |     2 ||     2
Armor: Scale mail        |    20 |    16 ||    36
Dodge: Dodged            |    26 |    11 ||    37
Block: Shield            |    29 |    29 ||    58
